 Dungeon Crawl Stone Soup version 0.30.1-4-g462c640d31 (webtiles) character file.

Game seed: 2789521198931342453

40 boopmooplesden the Covered (level 3, -1/33 HPs)
             Began as an Armataur Fighter on Sept 17, 2023.
             Slain by a goblin
             ... wielding a +0 club
             ... led by Robin
              (5 damage)
             ... on level 2 of the Dungeon.
             The game lasted 00:01:47 (651 turns).

boopmooplesden the Covered (Armataur Fighter)        Turns: 651, Time: 00:01:47

Health: -1/33      AC:  8    Str: 21    XL:     3   Next: 30%
Magic:  3/3        EV:  6    Int:  8    God:
Gold:   67         SH:  4    Dex: 11    Spells: 2/2 levels left

rFire   . . .        a - +0 long sword
rCold   . . .        c - +0 buckler
rNeg    . . .        h - +0 chain mail
rPois   .            (no helmet)
rElec   .            (no cloak)
rCorr   .            (no gloves)
SInv    .            (no barding)
Will    .....        (no amulet) Stlth
                     (no ring)
HPRegen 0.25/turn    (no ring)
MPRegen 0.08/turn

%: roll
@: mighty
A: large, rugged brown scales 3, deformed body, armoured tail, roll, long
tongue, awkward tongue
a: no special abilities


You were on level 2 of the Dungeon.
You visited 1 branch of the dungeon, and saw 2 of its levels.

You collected 67 gold pieces.

Inventory:

Hand Weapons
 a - a +0 long sword (weapon)
Armour
 b - a +0 scale mail
 c - a +0 buckler (worn)
 h - a +0 chain mail (worn)
Potions
 f - a potion of attraction


   Skills:
 + Level 3.0 Fighting
 + Level 2.4 Long Blades
 + Level 4.0 Armour
 + Level 0.2 Dodging
 + Level 3.6 Shields


You had 2 spell levels left.
You didn't know any spells.
Your spell library contained the following spells:

 Spells                   Type           Power      Damage    Failure   Level
 Chain Lightning          Conj/Air       0%         N/A       100%        9
 Fire Storm               Conj/Fire      0%         5d1       100%        9
 Shatter                  Erth           0%         3d5*      100%        9


Dungeon Overview and Level Annotations

Branches:
Dungeon (2/15)

Altars:
Cheibriados

Annotations:
D:2 Robin


Innate Abilities, Weirdness & Mutations

You are completely covered in rugged brown scales. (AC +3, +7% HP)
Armour fits poorly on your strangely shaped body.
You have a long armoured tail.
You roll when moving toward enemies. (Rampage)
Your long tongue fully drains potion bottles. (2x potion effects)
Your tongue gives you trouble enunciating. (1.5x scroll delay)


Message History

You hit the goblin.
The goblin is heavily wounded.
Robin throws the goblin at you! The goblin hits you but does no damage.
The goblin hits you with a +2 short sword of speed.
The goblin hits you but does no damage. The goblin barely misses you.
You closely miss the goblin.
The goblin is heavily wounded.
The goblin shouts!
You block the goblin's attack. The goblin hits you but does no damage.
The goblin closely misses you.
You hit the goblin.
You kill the goblin!
The goblin closely misses you. Robin throws the goblin at you!
The goblin barely misses you. The goblin hits you with a +0 club.
You closely miss the goblin.
The goblin hits you but does no damage. x3
You completely miss the goblin. The goblin closely misses you.
The goblin hits you with a +2 short sword of speed.
* * * LOW HITPOINT WARNING * * *
You block the goblin's attack.
You hit the goblin.
The goblin is heavily wounded.
The goblin barely misses you.
The goblin hits you with a +2 short sword of speed.
* * * LOW HITPOINT WARNING * * *
The goblin hits you but does no damage. You block the goblin's attack.
You barely miss the goblin. You tail-slap the goblin.
You kill the goblin!
Robin throws the goblin at you! The goblin closely misses you.
Unknown command.
Okay, then.
You feel very mighty all of a sudden.
You slurp down every last drop of the potion of might!
The goblin no longer looks unusually strong.
Robin roars a battlecry!
The goblin goes into a battle-frenzy!
The goblin hits you but does no damage. x2
You hit the goblin.
You kill the goblin!
The goblin hits you with a +0 club.
You die...

...#.._.. #.## ...g....
#...# ..(.... #...#
...##.# #...######
#..##.####.....$..# #
..............# .##.#
#...).)......# ...
#.###).......###.#
##.#######...ggg@)#
......# #...######
<.....# #...# ...##.#
#...# ...##.# ##.##
######## ......# ..#
#......# ......###.###
#.####.#
#.##..........##.####.#
.......# #.....>...#.#


You could see Robin, a hobgoblin (strong) and a goblin (strong).

Vanquished Creatures
  A dart slug (D:1)
  3 ball pythons
  2 giant cockroaches (D:1)
  10 goblins
  2 hobgoblins
  4 jackals (D:1)
  2 kobolds (D:1)
  A quokka (D:1)
  4 bats
  5 rats
34 creatures vanquished.

Notes
Turn   | Place    | Note
-------+----------+-------------------------------------------
     0 | D:1      | boopmooplesden the Armataur Fighter began the quest for the
                  | Orb.
     0 | D:1      | Reached XP level 1. HP: 19/19 MP: 1/1
   130 | D:1      | Reached XP level 2. HP: 23/26 MP: 2/2
   133 | D:1      | Reached skill level 4 in Armour
   597 | D:2      | Reached XP level 3. HP: 33/33 MP: 3/3
   614 | D:2      | Found a snail-covered altar of Cheibriados.
   622 | D:2      | Noticed Robin
   651 | D:2      | Slain by a goblin

Illustrated notes

Levels and vault maps discovered:
D:1:      elethiomel_arrival_diamonds, layout_rooms
D:2:      layout_loops_cross, basic_altar, uniq_robin, uniq_sigmund

Skill      XL: |  1  2 |
---------------+-------+-----
Armour         | 4 |  4.0
Long Blades    | 2 |  2.4
Fighting       | 3 |  3.0
Dodging        | |  0.2
Shields        | |  3.6

Action                     || total
---------------------------++-------
  Melee: Long sword        ||    94
         Tailslap          ||     3
    Use: Scroll            ||     2
         Potion            ||     1
 Armour: Scale mail        ||    42
         Chain mail        ||    42
  Dodge: Dodged            ||    54
  Block: Buckler           ||    30
